AoeStats
← Tom Bombadil's Chode

Arabian Desert

509924193Analyzed
1v1 RM · 4d ago on Sep 28, 2026· 40m 25s· 2 players
Game mode
Random Map
Map size
Tiny (2 player)
Population
200
Speed
Normal
Resources
Standard
Victory
Conquest
Starting age
Dark Age
Ending age
Imperial Age
RankedLock teamsTeams togetherTeam positionsShared explorationLock speedFull tech treeHidden civsTurbo modeCheats
Victory
Defeat
🇦🇷 Bengalis · Argentina
1497
+14
🇬🇧 Berbers · United Kingdom
1455
-14
MLP3666
6:36 Loom
9:07 Feudal Age
10:50 Double-Bit Axe
10:45 Horse Collar
10:57 Horse Collar
15:15 Bloodlines
20:05 Castle Age
19:13 Fletching
19:24 Padded Archer Armor
19:39 Bloodlines
20:13 Padded Archer Armor
20:06 Gold Mining
21:30 Bow Saw
23:45 Husbandry
25:15 Bodkin Arrow
28:25 Ballistics
28:57 Wheelbarrow
28:07 Town Watch
30:12 Fervor
31:19 Leather Archer Armor
33:50 Light Cavalry
34:47 Scale Barding Armor
34:53 Forging
35:52 Chain Barding Armor
Tom Bombadil's Chode
6:12 Loom
9:30 Feudal Age
10:03 Double-Bit Axe
19:58 Castle Age
18:21 Horse Collar
19:14 Bloodlines
20:14 Forging
22:11 Husbandry
24:33 Scale Barding Armor
26:22 Fervor
29:34 Fletching
29:44 Padded Archer Armor
30:45 Bodkin Arrow
34:05 Ballistics
34:48 Leather Archer Armor
35:17 Bow Saw
37:00 Thumb Ring
Connection lost

Rejoining the realm…

Still unreachable

The connection could not be restored.

Session expired

The server has moved on; the page needs a fresh start.